 Dungeon Crawl Stone Soup version 0.30-a0-475-g03497ec522 (webtiles) character file.

Game seed: 9883226177892786810

76617 Lobster4 the Cleaver (level 15, 0/137 HPs)
             Began as a Hill Orc Fighter on Dec 20, 2022.
             Was the Champion of Fedhas.
             Killed by divine providence
             ... invoked by Saint Roka
              (10 damage)
             ... on level 2 of the Orcish Mines.
             The game lasted 01:20:49 (19394 turns).

Lobster4 the Cleaver (Hill Orc Fighter)            Turns: 19394, Time: 01:20:49

Health: 0/137      AC: 20    Str: 31    XL:     15   Next: 54%
Magic:  0/25       EV: 11    Int: 14    God:    Fedhas [******]
Gold:   2126       SH: 11    Dex: 10    Spells: 20/23 levels left

rFire   + . .      SeeInvis .    r - +3 broad axe (venom)
rCold   . . .      Faith    .    B - +0 kite shield {rF+}
rNeg    . . .      Spirit   +    L - +0 acid dragon scales
rPois   .          Reflect  .    i - +1 helmet
rElec   .          Harm     .    f - +1 cloak of the Nightingale {Int+2 Slay+3}
rCorr   +          Rampage  .    P - +1 pair of gloves
Will    ++...                    v - +2 pair of boots
Stlth   +.........               S - amulet of Ascent {Spirit Contam Regen+ Int+4}
HPRegen 1.22/turn                h - ring of willpower
MPRegen 0.19/turn                Z - +6 ring of strength

@: on berserk cooldown, slowed, very slow
A: weak 1
a: Renounce Religion, Convert to Beogh, Wall of Briars, Grow Ballistomycete,
Overgrow, Grow Oklob


You were on level 2 of the Orcish Mines.
You worshipped Fedhas.
Fedhas was exalted by your worship.
You visited 3 branches of the dungeon, and saw 19 of its levels.
You also visited: Sewer, Bailey, Gauntlet and Volcano.

You collected 2342 gold pieces.
You spent 216 gold pieces at shops.

Inventory:

Hand Weapons
 a - the +5 hand axe of Bodily Harmony {vamp, rPois rC+ Int+6}
   (You bought it in a shop on level 1 of the Dungeon)

   It occasionally heals its wielder for a portion of the damage dealt when it
   wounds a living foe.
   Int:       It affects your intelligence (+6).
   rC:        It protects you from cold.
   rPois:     It protects you from poison.
 k - the +8 mace "Oschyoxo" {vorpal, Str+4 Int+3}
   (You found it on level 4 of the Lair of Beasts)

   It inflicts extra damage upon your enemies.
   Str:       It affects your strength (+4).
   Int:       It affects your intelligence (+3).
 r - a +3 broad axe of venom (weapon)
Missiles
 t - 24 poisoned darts (quivered)
 w - 20 boomerangs
 D - 8 curare-tipped darts
 F - 4 silver javelins
Armour
 f - the +1 cloak of the Nightingale (worn) {Int+2 Slay+3}
   (You acquired it on level 2 of the Dungeon)

   Int:       It affects your intelligence (+2).
   Slay:      It affects your accuracy & damage with ranged weapons and melee
   (+3).
 i - a +1 helmet (worn)
 v - a +2 pair of boots (worn)
 y - a +2 plate armour of fire resistance
 B - a +0 kite shield of fire resistance (worn)
 L - +0 acid dragon scales (worn)
 P - a +1 pair of gloves (worn)
Jewellery
 h - a ring of willpower (left hand)
 m - a ring of see invisible
 z - the ring of Wied {rElec rPois MP+9 Int-5 Dex+9}
   (You found it in a Gauntlet)

   [ring of magical power]

   Int:       It affects your intelligence (-5).
   Dex:       It affects your dexterity (+9).
   rElec:     It insulates you from electricity.
   rPois:     It protects you from poison.
   MP:        It affects your magic capacity (+9).
 A - a ring of ice
 E - the ring "Ryrghyseush" {rCorr Dex+2}
   (You took it off Nessos on level 5 of the Lair of Beasts)

   [ring of resist corrosion]

   Dex:       It affects your dexterity (+2).
   rCorr:     It protects you from acid and corrosion.
 S - the amulet of Ascent (around neck) {Spirit Contam Regen+ Int+4}
   (You acquired it on level 12 of the Dungeon)

   [amulet of guardian spirit]

   It causes incoming damage to be divided between your reserves of health and
   magic.
   Int:       It affects your intelligence (+4).
   Contam:    It causes magical contamination when unequipped.
   Regen:     It increases your rate of health regeneration.
 Z - a +6 ring of strength (right hand)
Wands
 d - a wand of roots (18)
 H - a wand of mindburst (20)
 M - a wand of flame (17)
 O - a wand of quicksilver (4)
 T - a wand of polymorph (5)
 V - a wand of charming (12)
Scrolls
 b - 2 scrolls of enchant armour
 g - a scroll of blinking
 p - 13 scrolls of teleportation
 x - 2 scrolls of enchant weapon
 J - a scroll of immolation
 N - 2 scrolls of fog
 Q - a scroll of magic mapping
 R - a scroll of butterflies
 X - 3 scrolls of poison
Potions
 c - a potion of might
 e - 4 potions of lignification
 l - a potion of cancellation
 o - 9 potions of curing
 q - 8 potions of flight
 s - 5 potions of brilliance
 u - a potion of resistance
 C - 4 potions of heal wounds
 G - a potion of mutation
 I - 4 potions of ambrosia
 K - 2 potions of haste
 U - 5 potions of magic
 W - 2 potions of invisibility
Miscellaneous
 j - a box of beasts (inert)


   Skills:
 + Level 13.9 Fighting
 + Level 14.9 Axes
 - Level 4.0 Throwing
 + Level 12.8 Armour
 - Level 4.0 Dodging
 + Level 12.7 Shields
 + Level 4.7 Spellcasting
 + Level 5.3 Ice Magic
 + Level 13.8 Invocations
 - Level 3.0 Evocations


You had 20 spell levels left.
You knew the following spells:

 Your Spells              Type           Power      Damage    Failure   Level
a - Frozen Ramparts       Ice            36%        1d6       13%         3

Your spell library contained the following spells:

 Spells                   Type           Power      Damage    Failure   Level
 Apportation              Tloc           6%         N/A       36%         1
 Kiss of Death            Conj/Necr      12%        2d6       36%         1
 Magic Dart               Conj           12%        1d3       36%         1
 Call Imp                 Summ           3%         N/A       52%         2
 Confusing Touch          Hex            3%         N/A       75%         3
 Mephitic Cloud           Conj/Pois/Air  3%         N/A       75%         3
 Animate Dead             Necr           3%         N/A       98%         4
 Dispel Undead            Necr           3%         3d7       98%         4
 Manifold Assault         Tloc           3%         N/A       98%         4
 Alistair's Intoxication  Tmut/Pois      2%         N/A       100%        5
 Borgnjor's Vile Clutch   Necr/Erth      1%         N/A       100%        5
 Death Channel            Necr           1%         N/A       100%        6
 Dispersal                Tloc           1%         N/A       100%        6
 Borgnjor's Revivificati  Necr           1%         N/A       100%        8
 Disjunction              Tloc           1%         N/A       100%        8


Dungeon Overview and Level Annotations

Branches:
Dungeon (12/15)            Temple (0/1) D:7            Lair (5/5) D:10
 Shoals (0/4) Lair:2       Spider (0/4) Lair:3        Slime (0/5) Lair:4
    Orc (2/2) D:11            Elf (0/3) Orc:2         Sewer (visited)
 Bailey (visited)         Volcano (visited)         Gauntlet (visited)

Altars:
Cheibriados
Dithmenos
Elyvilon
Fedhas
Gozag
Hepliaklqana
Kikubaaqudgha
Makhleb
Nemelex Xobeh
Okawaru
Sif Muna
Trog
Uskayaw
Wu Jian
Xom
Beogh

Shops:
D:1 (   D:4 (   Orc:1 =   Orc:2 *!(

Annotations:
Lair:2 2 transporters, Heh's ghost, journeyman MiFi
Orc:2 Saint Roka


Innate Abilities, Weirdness & Mutations

You are weak. (Str -2)


Message History

Saint Roka hits you with a +5 vorpal war axe!!
Saint Roka calls down the wrath of Beogh upon you.
Beogh smites you!
You hit Saint Roka.
Saint Roka looks as sick as possible!
Saint Roka is almost dead.
Saint Roka invokes the aid of Beogh against you.
Beogh smites you!
* * * LOW HITPOINT WARNING * * *
You barely miss Saint Roka.
Saint Roka is almost dead.
Saint Roka calls down the wrath of Beogh upon you.
Beogh smites you!
* * * LOW HITPOINT WARNING * * *
Saint Roka mumbles some strange prayers to Beogh against you.
Beogh smites you!
* * * LOW HITPOINT WARNING * * *
Okay, then.
You feel much better. You block Saint Roka's attack.
Aiming: Quicksilver Bolt
Press: ? - help, Shift-Dir - straight line, f - Saint Roka
Aim: Saint Roka, wielding a +5 vorpal war axe and wearing a +0 chain mail (almost dead, extremely poisoned, 81% to hit)
The bolt of dispelling energy hits Saint Roka!
Saint Roka is almost dead.
Saint Roka threatens, "By the altar or by the axe, you will meet Beogh!"
Saint Roka invokes the aid of Beogh against you.
Beogh smites you!
* * * LOW HITPOINT WARNING * * *
Saint Roka hits you with a +5 vorpal war axe!!
* * * LOW HITPOINT WARNING * * *
x2 You feel much better.
Saint Roka calls down the wrath of Beogh upon you.
Beogh smites you!
* * * LOW HITPOINT WARNING * * *
Blink to where?
Press: ? - help, Dir - move target, p - Saint Roka
As you read the scroll of blinking, it crumbles to dust.
Saint Roka calls down the wrath of Beogh upon you.
Beogh smites you!
You die...
Fedhas appreciates your contribution to the ecosystem.

..###...............#.8##'###'##8
.## ##.#...........o####...# .#
..## ####............# ...#
...#####.............###...# ##
....#.#...#...........##########.
..............#.....#............
......#.#.##.......##############
..)[.####.###.#....#
..[...##...#....@..##
..........##.)......#
#.........###.#....##
#..........##.#....#
##........##......##
####..........#.### ##########
.#.........###### #........#
#..........# #.######.#
#......##### #.#_..)#..


You could see Saint Roka (extremely poisoned).

Vanquished Creatures
  Kirke (Lair:5)
  An azure jelly (Lair:5)
  2 orc warlords
  A stone giant (Volcano)
  Nessos (Lair:5)
  A fire dragon (Lair:5)
  2 boulder beetles
  3 hydras
  2 two-headed ogres
  6 death yaks
  3 orc high priests (Orc:2)
  Sonja (Lair:4)
  A swamp dragon (Lair:5)
  2 wolf spiders (Lair:5)
  An orc knight (Orc:2)
  Pikel (D:5)
  A lindwurm (Lair:4)
  5 orc sorcerers
  An ugly thing (D:12)
  2 cyclopes
  A merfolk siren (Lair:2)
  14 elephants
  A manticore (D:12)
  12 black mambas
  An apocalypse crab (Gauntlet)
  An unseen horror (D:11)
  A guardian serpent (Lair:5)
  9 cane toads
  2 gargoyles (Volcano)
  An unseen horror zombie (D:8)
  2 rime drakes (Lair:5)
  An efreet (Volcano)
  7 komodo dragons
  A polar bear (Lair:4)
  5 trolls
  3 slime creatures (Lair:5)
  4 hornets
  10 blink frogs
  A jumping spider (Lair:3)
  2 culicivoras (Lair:3)
  A spriggan (Lair:4)
  17 wyverns
  33 yaks
  Eustachio (D:5)
  A vampire (D:11)
  6 hogs (Lair:5)
  A fire elemental (Volcano)
  3 vampire mosquitoes (D:12)
  4 basilisks
  2 chaos spawn (Gauntlet)
  5 steam dragons
  3 redbacks (Lair:5)
  4 wargs
  4 acid dragons
  24 water moccasins
  4 ice beasts
  11 black bears
  A swamp drake (Lair:5)
  46 orc warriors
  A sky beast (D:7)
  18 wolves
  4 ogres
  A centaur (D:6)
  2 lemures
  2 kobold brigands
  A gnoll sergeant (D:9)
  9 bullfrogs
  A wyvern zombie (D:8)
  2 scorpions (D:6)
  4 necrophages
  An earth elemental (Volcano)
  8 wights
  16 killer bees
  4 howler monkeys (D:9)
  An electric eel (D:10)
  A centaur zombie (D:8)
  21 orc priests
  3 gnoll boudas
  4 hounds
  8 jellies
  An iron imp (D:6)
  3 iguanas
  24 orc wizards
  34 gnolls
  5 adders
  3 river rats (Sewer)
  A shadow imp (D:6)
  A white imp (D:5)
  2 ufetubi
  2 dart slugs
  3 worms
  94 orcs
  7 ball pythons
  7 endoplasms
  7 giant cockroaches
  26 goblins
  16 hobgoblins
  5 jackals
  3 quokkas
  4 bats
  5 frilled lizards
  11 kobolds
  3 rats
667 creatures vanquished.

Vanquished Creatures (collateral kills)
  A minotaur (Gauntlet)
1 creature vanquished.

Vanquished Creatures (others)
  3 demonic plants (Gauntlet)
  43 fungi
  121 plants
167 creatures vanquished.

Grand Total: 835 creatures vanquished

Notes
Turn   | Place    | Note
-------+----------+-------------------------------------------
     0 | D:1      | Lobster4 the Hill Orc Fighter began the quest for the Orb.
     0 | D:1      | Reached XP level 1. HP: 19/19 MP: 1/1
    49 | D:1      | Found Narut's Antique Weapon Shoppe.
    99 | D:1      | Reached skill level 3 in Axes
    99 | D:1      | Reached XP level 2. HP: 27/27 MP: 2/2
   358 | D:1      | Reached XP level 3. HP: 33/33 MP: 3/3
   745 | D:2      | Found a blossoming altar of Fedhas.
   787 | D:2      | Became a worshipper of Fedhas Madash
   851 | D:2      | Identified a scroll of acquirement
   851 | D:2      | Acquired the +1 cloak of the Nightingale {Int+2 Slay+3}
  1522 | D:3      | Reached XP level 4. HP: 36/41 MP: 4/4
  1657 | D:3      | Found an ornate altar of the Wu Jian Council.
  1725 | D:3      | You fall into a shaft and drop 3 floors!
  1883 | D:6      | Noticed a black bear
  1905 | D:6      | Noticed a scorpion
  1913 | D:6      | Killed a black bear
  1914 | D:6      | Reached skill level 4 in Axes
  1914 | D:6      | Reached skill level 1 in Throwing
  1914 | D:6      | Reached skill level 1 in Invocations
  1914 | D:6      | Reached XP level 5. HP: 39/47 MP: 4/6
  1920 | D:6      | Reached skill level 5 in Fighting
  1920 | D:6      | Reached XP level 6. HP: 48/56 MP: 4/7
  2039 | D:6      | Noticed a black bear
  2044 | D:6      | Killed a black bear
  2094 | D:5      | Entered Level 5 of the Dungeon
  2109 | D:5      | Found an iron altar of Okawaru.
  2123 | D:5      | Noticed a black bear
  2136 | D:5      | Killed a black bear
  2137 | D:5      | Reached XP level 7. HP: 54/61 MP: 9/9
  2175 | D:5      | Got the Teachings on Frozen Gloom
  2210 | D:5      | Found an ancient bone altar of Kikubaaqudgha.
  2213 | D:5      | Identified the ring "Leymo" {rPois rN+ Str-5 Dex+2}
  2227 | D:5      | Reached skill level 5 in Axes
  2229 | D:5      | Reached * piety under Fedhas
  2230 | D:5      | Reached skill level 5 in Shields
  2231 | D:5      | Reached skill level 5 in Armour
  2259 | D:5      | Found a glowing drain.
  2334 | Sewer    | Entered a sewer
  2684 | Sewer    | Found a white marble altar of Elyvilon.
  2852 | D:4      | Found a shadowy altar of Dithmenos.
  2999 | D:4      | Reached ** piety under Fedhas
  3070 | D:4      | Found a white marble altar of Elyvilon.
  3091 | D:4      | Reached XP level 8. HP: 44/70 MP: 10/10
  3248 | D:4      | Found Dehucot's Weapon Shop.
  3503 | D:1      | Bought a shimmering hand axe for 216 gold pieces
  3503 | D:1      | Identified the +5 hand axe of Bodily Harmony {vamp, rPois
                  | rC+ Int+6} (You bought it in a shop on level 1 of the
                  | Dungeon)
  3787 | D:3      | Reached skill level 6 in Axes
  4308 | D:5      | Found a hazy altar of Hepliaklqana.
  4359 | D:5      | Found an opulent altar of Gozag.
  4359 | D:5      | Noticed Pikel
  4549 | D:5      | Reached skill level 1 in Evocations
  4561 | D:5      | Noticed Eustachio
  4569 | D:5      | Killed Eustachio
  4630 | D:5      | Killed Pikel
  4631 | D:5      | Reached skill level 7 in Axes
  4631 | D:5      | Reached XP level 9. HP: 79/79 MP: 12/12
  4896 | D:6      | Reached *** piety under Fedhas
  4897 | D:6      | Reached skill level 5 in Invocations
  5135 | D:6      | Found a bloodstained altar of Trog.
  5282 | D:6      | Found a shimmering blue altar of Sif Muna.
  5451 | D:6      | Found a snail-covered altar of Cheibriados.
  5695 | D:7      | Reached skill level 8 in Axes
  5705 | D:7      | Reached XP level 10. HP: 84/89 MP: 14/14
  5721 | D:7      | Found a staircase to the Ecumenical Temple.
  5840 | D:7      | Found a shimmering altar of Xom.
  5898 | D:7      | Reached **** piety under Fedhas
  5943 | D:7      | Found a burning altar of Makhleb.
  5943 | D:7      | Noticed a green death
  6005 | D:7      | Identified the +4 dagger of False Accusations {drain, rPois
                  | rF+ rCorr Str+2}
  6058 | D:7      | Found a hide-covered altar of Uskayaw.
  6370 | D:8      | Reached skill level 9 in Axes
  6488 | D:8      | Found a sparkling altar of Nemelex Xobeh.
  6651 | D:8      | Found a flagged portal.
  6683 | Bailey   | Entered a bailey
  6772 | Bailey   | Reached ***** piety under Fedhas
  6932 | Bailey   | Noticed an orc warlord
  6946 | Bailey   | Killed an orc warlord
  6947 | Bailey   | Reached skill level 1 in Dodging
  7190 | D:8      | Found a blossoming altar of Fedhas.
  7204 | D:8      | Reached XP level 11. HP: 89/97 MP: 17/17
  7734 | D:9      | Noticed a boulder beetle
  7779 | D:9      | Killed a boulder beetle
  7780 | D:9      | Reached skill level 10 in Axes
  7790 | D:9      | Reached skill level 10 in Fighting
  7790 | D:9      | Reached skill level 11 in Axes
  7790 | D:9      | Reached XP level 12. HP: 107/107 MP: 17/19
  8483 | D:10     | Entered Level 10 of the Dungeon
  8545 | D:10     | Reached ****** piety under Fedhas
  8546 | D:10     | Reached skill level 10 in Invocations
  8709 | D:10     | Found a staircase to the Lair.
  8814 | D:10     | Learned a level 3 spell: Frozen Ramparts
  8993 | D:10     | Reached skill level 10 in Armour
  8993 | D:10     | Reached skill level 10 in Shields
  9303 | D:11     | Found a staircase to the Orcish Mines.
  9314 | D:11     | Noticed a two-headed ogre
  9334 | D:11     | Killed a two-headed ogre
  9493 | D:11     | Reached skill level 1 in Ice Magic
  9639 | D:11     | Reached skill level 1 in Spellcasting
  9987 | Orc:1    | Entered Level 1 of the Orcish Mines
 10160 | Orc:1    | Found Juninn's Jewellery Shoppe.
 10161 | Orc:1    | Noticed an orc warlord
 10337 | D:12     | Reached skill level 12 in Axes
 10337 | D:12     | Reached XP level 13. HP: 113/116 MP: 20/20
 10718 | D:12     | Acquired a +6 ring of strength
 10721 | D:12     | Acquired the amulet of Ascent {Spirit Contam Regen+ Int+4}
 11048 | Lair:1   | Entered Level 1 of the Lair of Beasts
 11951 | Lair:2   | Found a dark tunnel.
 11978 | Volcano  | Entered a volcano
 12027 | Volcano  | Noticed a stone giant
 12038 | Volcano  | Killed a stone giant
 12555 | Lair:2   | Identified the +8 whip "Paumel" {vorpal, Str+4}
 12570 | Lair:2   | Noticed Heh's ghost (journeyman MiFi)
 12626 | Lair:2   | Found a transporter.
 12630 | Lair:2   | Found a transporter.
 12656 | Lair:2   | Found a staircase to the Shoals.
 13068 | Lair:3   | Found a blossoming altar of Fedhas.
 13479 | Lair:3   | Found a hole to the Spider Nest.
 13962 | Lair:4   | Reached skill level 13 in Axes
 14024 | Lair:4   | Noticed Sonja
 14038 | Lair:4   | Killed Sonja
 14120 | Lair:4   | Found a runed translucent door.
 14377 | Lair:4   | Found a gate leading to a gauntlet.
 14392 | Gauntlet | Entered a Gauntlet
 14392 | Gauntlet | Found a transporter.
 14402 | Gauntlet | Found a transporter.
 14417 | Gauntlet | Found a transporter.
 14419 | Gauntlet | Noticed a green death
 14422 | Gauntlet | Found a transporter.
 14443 | Gauntlet | Found a transporter.
 14456 | Gauntlet | Found a transporter.
 14468 | Gauntlet | Found a transporter.
 14480 | Gauntlet | Found a transporter.
 14488 | Gauntlet | Found a large runed translucent door.
 14489 | Gauntlet | Found a large runed translucent door.
 14490 | Gauntlet | Found a large runed translucent door.
 14490 | Gauntlet | Found a large runed translucent door.
 14491 | Gauntlet | Found a runed translucent gate.
 14492 | Gauntlet | Found a transporter.
 14492 | Gauntlet | Found a runed translucent gate.
 14493 | Gauntlet | Found a runed translucent gate.
 14494 | Gauntlet | Found a large runed translucent door.
 14494 | Gauntlet | Found a large runed translucent door.
 14495 | Gauntlet | Found a large runed translucent door.
 14496 | Gauntlet | Found a large runed translucent door.
 14504 | Gauntlet | Found a transporter.
 14521 | Gauntlet | Found a transporter.
 14535 | Gauntlet | Found a large runed translucent door.
 14536 | Gauntlet | Found a large runed translucent door.
 14537 | Gauntlet | Found a large runed translucent door.
 14537 | Gauntlet | Found a large runed translucent door.
 14538 | Gauntlet | Found a runed translucent door.
 14539 | Gauntlet | Found a transporter.
 14540 | Gauntlet | Found a runed translucent door.
 14541 | Gauntlet | Found a large runed translucent door.
 14541 | Gauntlet | Found a transporter.
 14541 | Gauntlet | Found a large runed translucent door.
 14542 | Gauntlet | Found a large runed translucent door.
 14566 | Gauntlet | Found a transporter.
 14568 | Gauntlet | Found a transporter.
 14664 | Gauntlet | Found a transporter.
 14704 | Gauntlet | Found a large runed translucent door.
 14708 | Gauntlet | Found a transporter.
 14796 | Gauntlet | Found a transporter.
 14808 | Gauntlet | Gained mutation: You occasionally lose the ability to read
                  | scrolls when taking damage. [a neqoxec]
 14859 | Gauntlet | Identified the +0 robe of Fedhas's Condemnation {Str-2
                  | Int+7}
 14864 | Gauntlet | Identified the ring of Wied {rElec rPois MP+9 Int-5 Dex+9}
 14868 | Gauntlet | Noticed a minotaur
 14878 | Gauntlet | Killed a minotaur
 14895 | Gauntlet | Lost mutation: You occasionally lose the ability to read
                  | scrolls when taking damage. [potion of mutation]
 14895 | Gauntlet | Gained mutation: You are weak. (Str -2) [potion of
                  | mutation]
 15043 | Lair:4   | Reached XP level 14. HP: 115/117 MP: 21/23
 15098 | Lair:4   | Found a staircase to the Slime Pits.
 15455 | Lair:4   | Identified the +8 mace "Oschyoxo" {vorpal, Str+4 Int+3}
 15543 | Lair:5   | Entered Level 5 of the Lair of Beasts
 15762 | Lair:5   | Paralysed by a hornet for 2 turns
 16074 | Lair:5   | Identified the ring "Ryrghyseush" {rCorr Dex+2}
 16074 | Lair:5   | Noticed Nessos
 16083 | Lair:5   | Killed Nessos
 16188 | Lair:5   | Reached skill level 14 in Axes
 16385 | Lair:5   | Identified the +10 whip of Zin's Hope {flame, *Noise rElec
                  | Str-3 Int+7}
 16609 | Lair:5   | Noticed Kirke
 17097 | Lair:5   | Reached XP level 15. HP: 122/136 MP: 18/24
 17216 | Lair:5   | Noticed an azure jelly
 17261 | Lair:5   | Killed an azure jelly
 17712 | Lair:5   | Killed Kirke
 17929 | D:11     | Killed an orc warlord
 17930 | D:11     | Reached skill level 5 in Ice Magic
 18307 | Orc:2    | Entered Level 2 of the Orcish Mines
 18351 | Orc:2    | Found Muazacimp's Distillery.
 18504 | Orc:2    | Found a staircase to the Elven Halls.
 18701 | Orc:2    | Found a roughly hewn altar of Beogh.
 18702 | Orc:2    | Found Moaguex's Assorted Antiques.
 18796 | Orc:2    | Found a roughly hewn altar of Beogh.
 18815 | Orc:2    | Found Deser's Antique Weapon Shoppe.
 18890 | Orc:2    | Found a roughly hewn altar of Beogh.
 18932 | Orc:2    | Found a roughly hewn altar of Beogh.
 19024 | Orc:2    | Found a roughly hewn altar of Beogh.
 19082 | Orc:2    | Found a roughly hewn altar of Beogh.
 19135 | Orc:2    | Found a roughly hewn altar of Beogh.
 19358 | Orc:2    | Noticed Saint Roka
 19392 | Orc:2    | HP: 3/137 [Saint Roka/+5 vorpal war axe (28)]
 19392 | Orc:2    | HP: 1/137 [Saint Roka/+5 vorpal war axe (2)]
 19394 | Orc:2    | Killed from afar by Saint Roka

Illustrated notes

Levels and vault maps discovered:
D:1:      eino_arrival_cavern_d, layout_basic, serial_shops, shop,
          grunt_decor_fettered, chequers_mini_garden
D:2:      layout_basic, basic_altar, minmay_shallow_snake_nest
D:3:      layout_basic, nzn_wu_jian_contemplation, minmay_misc_feat_plants
D:4:      layout_gridville, elyvilon_altar_4, nicolae_dithmenos_shadow_blocks,
          serial_shops, nicolae_shop_crystal,
          nicolae_concentric_dashed_squares_wild
D:5:      layout_basic, mainiacjoe_overflow_24_doors, lemuel_doored_altar,
          mainiacjoe_overflow_paths,
          nicolae_gozag_cash_rules_everything_around_me, portal_sewer_entry_d,
          minmay_misc_feat_more_columns, kennysheep_path_1,
          minmay_curled_crystal, uniq_eustachio, uniq_pikel
D:6:      layout_loops_ring, mainiacjoe_overflow_cross_hatched, led_sif_pool,
          chei_slow_surprise
D:7:      layout_rooms, lemuel_round_altar, makhleb_altar_promises_db,
          mainiacjoe_overflow_tiny_flanked, minmay_temple_entry_junction_2
D:8:      layout_basic, general_overflow_altar, fedhas_altar_decomposition,
          enter_bailey_5, kennysheep_generic_room_4
D:9:      layout_loops_corners, serial_glass, glass_columns_a, glass_columns_a,
          nzn_sisyphean_effort
D:10:     layout_loops_ring, david_lair_generic, lightli_minifort
D:11:     layout_stronghold, orc_0_dummy, serial_column_ruins,
          column_ruins_pillar_3, column_ruins_pillar_7, column_ruins_pillar_4,
          column_ruins_pillar_1, column_ruins_pillar_3, column_ruins_pillar_2,
          column_ruins_pillar_10, column_ruins_pillar_3, column_ruins_pillar_1,
          column_ruins_pillar_3
D:12:     layout_irregular_city
Lair:1:   layout_long_grid, st_stairs_9, infiniplex_staircase_pool_2,
          lemuel_fruit_fields
Lair:2:   layout_regular_city, minmay_shoals_entry_lonely_mermaid,
          gammafunk_ghost_hive, lightli_volcano_entry_magma_tube
Lair:3:   layout_regular_city, spider_nest_entry_funnel_web, basic_altar
Lair:4:   cheibrodos_lair_overgrown_chateau, layout_regular_city, slime_entry_2,
          gauntlet_entry_generic, grunt_forest_stairs_clearing,
          infiniplex_staircase_pool, uniq_sonja
Lair:5:   hangedman_lair_tendril_chambers, layout_regular_city,
          guppyfry_lair_end_dragon, nicolae_lair_time_for_slime, uniq_nessos,
          uniq_kirke
Orc:1:    layout_caves, serial_shops, shop
Orc:2:    grunt_orc_community_town_hall, layout_diamond_mine,
          grunt_orc_community_big_house_2, grunt_orc_community_big_house_1,
          grunt_orc_community_house_3, grunt_orc_community_house_1,
          grunt_orc_community_house_2, grunt_orc_community_house_3,
          grunt_orc_community_house_1, grunt_orc_community_house_1,
          serial_shops, shop

Skill      XL: |  1  2  3  4  5  6  7  8  9 10 11 12 13 14 15 |
---------------+----------------------------------------------+-----
Axes           | 3 4 5 7 8 9 11 12 13 14 | 14.9
Fighting       | 4 5 6 7 8 9 10 11 12 13 | 13.9
Shields        | 4 5 6 7 8 9 10 11 12 | 12.7
Armour         | 4 5 6 7 8 9 10 11 12 | 12.8
Throwing       | 1 2 4 |  4.0
Invocations    | 1 2 3 4 6 8 9 10 12 13 | 13.8
Evocations     | 2 3 |  3.0
Dodging        | 1 3 4 |  4.0
Ice Magic      | 1 3 4 5 |  5.3
Spellcasting   | 1 3 4 |  4.7

Action                   |  1- 3 |  4- 6 |  7- 9 | 10-12 | 13-15 || total
-------------------------+-------+-------+-------+-------+-------++-------
Melee: War axe           |   117 |    43 |    95 |       |       ||   255
       Hand axe          |       |       |   184 |   639 |   819 ||  1642
       Trident           |       |       |       |       |    10 ||    10
       Broad axe         |       |       |       |       |   404 ||   404
       Mace              |       |       |       |       |    11 ||    11
       Unarmed           |       |       |       |       |     6 ||     6
Throw: Dart              |       |     1 |    18 |    18 |    25 ||    62
       Boomerang         |       |       |       |     3 |    15 ||    18
       Throwing net      |       |       |       |       |     2 ||     2
Evoke: Wand              |       |       |     4 |     5 |    10 ||    19
       Box of beasts     |       |       |       |       |     2 ||     2
  Use: Scroll            |     4 |     6 |     3 |    16 |     8 ||    37
       Potion            |       |     2 |     1 |     3 |     7 ||    13
Armor: Scale mail        |    56 |       |       |   232 |    43 ||   331
       Plate armour      |    18 |    46 |   196 |   134 |   421 ||   815
       Fire dragon scale |       |       |       |       |     9 ||     9
       Acid dragon scale |       |       |       |       |   154 ||   154
Dodge: Dodged            |    48 |    25 |    92 |   187 |   389 ||   741
Block: Buckler           |    31 |    10 |    64 |   127 |    16 ||   248
       Kite shield       |       |       |       |       |   635 ||   635

Table legend: (Time is in decaauts)
 A = Elapsed time spent in this place.
 B = Non-inter-level travel time spent in this place.
 C = Inter-level travel time spent in this place.
 D = Time resting spent in this place.
 E = Time spent auto-exploring this place.
 F = Levels seen in this place.
 G = Mean time per level.
                   A        B        C        D        E       F      G
               +--------+--------+--------+--------+--------+-----+--------+
         Total |  19300 |  18104 |   1196 |    852 |  11896 |  23 |  839.1 |
       Dungeon |  10188 |   9354 |    834 |    441 |   6542 |  12 |  849.0 |
          Lair |   5773 |   5427 |    346 |    250 |   3629 |   5 | 1154.6 |
  Orcish Mines |   1575 |   1560 |     15 |     10 |   1034 |   2 |  787.5 |
         Sewer |    545 |    545 |      0 |    136 |    184 |   1 |  545.0 |
        Bailey |    411 |    411 |      0 |     15 |    109 |   1 |  411.0 |
       Volcano |    302 |    302 |      0 |      0 |    108 |   1 |  302.0 |
      Gauntlet |    503 |    503 |      0 |      0 |    289 |   1 |  503.0 |
               +--------+--------+--------+--------+--------+-----+--------+

Top non-repeatable levels by time:
  Lair:5: 2121 daAuts
  Lair:4: 1160 daAuts
     D:6: 1099 daAuts
   Orc:2: 1069 daAuts
     D:9: 1061 daAuts
     D:2: 984 daAuts
     D:5: 963 daAuts
     D:4: 943 daAuts
  Lair:3: 928 daAuts
  Lair:2: 897 daAuts
     D:8: 866 daAuts
    D:11: 858 daAuts
    D:10: 822 daAuts
    D:12: 741 daAuts
  Lair:1: 665 daAuts
